Lightning vs Senateurs

Created - November 17, 2019 at 09:31

Goals
1 2 3 OT1 T
Lightning 1 1 0 0 2
Senateurs 0 1 1 1 3
Shots
1 2 3 OT1 T
Lightning 10 17 9 0 36
Senateurs 6 10 10 1 27

1st period

1. Lightning , Mika Zibanejad 5 (Jesper Fast 2, Simon Gagné 4) at 11:49

Penalties :
Cody Franson (Ott) for Tripping (Minor) at 6:15, Dion Phaneuf (Ott) for Holding Stick (Minor) at 11:52

2nd period

2. Lightning , Gilbert Brule 3 (Gabriel Landeskog 3, Rasmus Ristolainen 6) at 8:33 (PP)
3. Senateurs , Phil Kessel 6 (Sidney Crosby 7, Dion Phaneuf 9) at 18:43 (PP)

Penalties :
Cody Franson (Ott) for Holding (Minor) at 7:25, Theo Peckham (TB.) for Hooking (Minor) at 16:47

3rd period

4. Senateurs , Daniel Briere 8 (Nate Prosser 5, Duncan Keith 4) at 0:51

Penalties :
Jeff Schultz (TB.) for Holding (Minor) at 1:39, Daniel Briere (Ott) for Hooking (Minor) at 4:35, Dwight King (TB.) for Interference (Minor) at 8:54, Daniel Sedin (Ott) for Boarding (Minor) at 19:59

Overtime #1

5. Senateurs , Sergei Kostitsyn 3 (Radim Vrbata 5) at 3:24

Penalties :
No Penalty

Goalie Stats

Jaroslav Halak (TB.), 24 saves from 27 shots - (0.889), OTL, 5-5-1, 63:24 minutes
Ondrej Pavelec (Ott), 34 saves from 36 shots - (0.944), W, 6-3-0, 63:24 minutes

Players Stats for Lightning

Player Name              G  A  P  +/- PIM S  H  SB GA TA FO     MP     PP MP  PK MP  
------------------------------------------------------------------------------------
Andy Rogers              0  0  0   0  0   1  0  2  0  0  0/0    13:38   0:00   2:13 
Brad Boyes               0  0  0  -1  0   2  0  0  0  0  0/0     9:17   0:00   0:00 
Corey Tropp              0  0  0   0  0   0  1  0  1  0  0/0     7:10   0:00   0:00 
Dwight King              0  0  0  -1  2   1  3  0  0  0  0/0    11:26   0:00   0:52 
Gabriel Landeskog        0  1  1  -1  0   1  0  0  0  1  1/1    24:31   4:23   3:07 
Gilbert Brule            1  0  1   0  0   7  2  0  1  0  11/21  24:12   4:23   2:59 
Jeff Schultz             0  0  0   0  2   2  1  4  0  2  0/0    26:03   4:30   2:37 
Jesper Fast              0  1  1   1  0   5  2  0  0  1  0/1    18:04   2:42   0:00 
Joni Pitkanen            0  0  0  -1  0   2  2  0  1  1  0/0    24:43   2:35   2:12 
Justin Schultz           0  0  0  -1  0   0  4  0  0  3  0/0    25:18   2:35   3:43 
Mika Zibanejad           1  0  1   0  0   1  2  1  0  0  8/25   19:51   2:42   1:23 
Mikael Backlund          0  0  0   0  0   0  0  1  1  0  2/5     7:10   0:00   0:00 
Pierre-Luc Létourneau    0  0  0   0  0   1  0  1  0  0  0/0     7:33   0:00   0:23 
Rasmus Ristolainen       0  1  1   0  0   4  0  3  1  0  0/0    24:23   4:30   0:00 
Sam Gagner               0  0  0  -1  0   6  2  0  0  0  1/3    13:53   2:42   1:32 
Simon Gagné              0  1  1   1  0   1  2  0  1  0  1/1    16:46   0:00   1:32 
Theo Peckham             0  0  0   0  2   0  1  0  0  0  0/0    12:43   0:00   1:03 
Tyler Toffoli            0  0  0   0  0   2  2  0  3  0  0/0    20:58   4:23   0:00 

Players Stats for Senateurs

Player Name              G  A  P  +/- PIM S  H  SB GA TA FO     MP     PP MP  PK MP  
------------------------------------------------------------------------------------
Arturs Kulda             0  0  0   0  0   0  0  0  0  0  0/0     3:01   0:00   0:34 
Carlo Colaiacovo         0  0  0   2  0   1  1  3  0  1  0/0    14:42   0:01   2:32 
Cody Franson             0  0  0  -1  4   1  1  0  0  2  0/0    24:11   2:54   3:22 
Colby Armstrong          0  0  0  -1  0   0  2  0  0  0  0/0    18:44   2:27   0:00 
Daniel Briere            1  0  1   1  2   2  2  0  0  0  3/3    13:38   0:00   1:58 
Daniel Sedin             0  0  0  -1  2   1  1  0  0  0  0/0    18:42   2:27   0:00 
Dion Phaneuf             0  1  1  -1  2   4  1  1  2  0  0/0    26:48   2:54   3:48 
Duncan Keith             0  1  1   0  0   3  2  1  1  0  0/0    23:15   3:00   3:56 
Evgeni Malkin            0  0  0  -1  0   2  0  0  2  0  8/11   23:13   2:27   4:03 
Jamie Benn               0  0  0   0  0   1  0  0  0  0  0/1    19:03   3:26   1:03 
Mark Giordano            0  0  0   2  0   0  1  1  0  0  0/0    12:00   0:00   0:00 
Nate Prosser             0  1  1   0  0   0  0  1  0  1  0/0    23:15   3:00   3:56 
Phil Kessel              1  0  1   0  0   4  0  1  1  1  0/0    20:18   3:26   2:21 
Radim Vrbata             0  1  1   2  0   0  0  0  0  1  0/0    12:28   0:01   0:00 
Ryan Hollweg             0  0  0   0  0   1  2  0  0  0  0/0     7:20   0:00   1:45 
Sergei Kostitsyn         1  0  1   2  0   2  0  0  0  1  0/1    12:58   0:01   0:00 
Sidney Crosby            0  1  1   0  0   4  0  0  2  2  21/38  26:10   3:26   4:49 
Stephane Da Costa        0  0  0   0  0   1  0  0  0  0  1/3     4:41   0:00   0:10 

3 Stars

1 - Ondrej Pavelec (Ott)
2 - Sergei Kostitsyn (Ott)
3 - Daniel Briere (Ott)

Power Play

Lightning - 1 on 5 Attempt(s) - 20.00%
Senateurs - 1 on 3 Attempt(s) - 33.33%

Penalty Kill

Lightning - 2 on 3 Attempt(s) - 66.67% - Score 0 goal in Penalty Kill
Senateurs - 4 on 5 Attempt(s) - 80.00% - Score 0 goal in Penalty Kill

Team Stat

Lightning - Hits : 24 - Faceoff Wins : 24 - Blocked Shots : 12 - Penalty Minutes : 6
Senateurs - Hits : 13 - Faceoff Wins : 33 - Blocked Shots : 8 - Penalty Minutes : 10

Official

Referees : Unknown
Linesman : Unknown

Game Notes

18:49 of 2nd period - Senateurs goal is going for a video replay. After video review, No Goal. The puck has been directed, batted or thrown into the net by an attacking player other than with a stick.

Finance

Level 1 -- Attendance: 5427 (90.45%) -- Ticket Income $558,981
Level 2 -- Attendance: 4454 (89.08%) -- Ticket Income $302,872
Level 3 -- Attendance: 2000 (100.00%) -- Ticket Income $86,000
Level 4 -- Attendance: 3705 (92.63%) -- Ticket Income $103,740
Luxury Box -- Attendance: 949 (94.90%) -- Ticket Income $170,820
Game was played at the Place Banque Scotia.
Total Attendance: 16535 (91.86%)
Total Ticket Income: $1,222,413
Other Income: $183,362
Total Income: $1,405,775

Lightning

5 vs 5 Forward 
   Center                   Left Wing                Right Wing               Time % Phy DF OF 
 1 Gilbert Brule            Gabriel Landeskog        Tyler Toffoli            40     0   2  3  
 2 Mika Zibanejad           Simon Gagné              Jesper Fast              40     0   2  3  
 3 Sam Gagner               Dwight King              Brad Boyes               15     1   2  2  
 4 Mikael Backlund          Pierre-Luc Létourneau    Corey Tropp              5      1   2  2  

5 vs 5 Defense 
   Defense                  Defense                                           Time % Phy DF OF 
 1 Rasmus Ristolainen       Jeff Schultz                                      40     0   2  3  
 2 Justin Schultz           Joni Pitkanen                                     40     0   2  3  
 3 Andy Rogers              Theo Peckham                                      10     1   2  2  
 4 Rasmus Ristolainen       Justin Schultz                                    10     1   2  2  

PowerPlay Forward 
   Center                   Left Wing                Right Wing               Time % Phy DF OF 
 1 Gilbert Brule            Gabriel Landeskog        Tyler Toffoli            60     0   1  4  
 2 Mika Zibanejad           Sam Gagner               Jesper Fast              40     0   1  4  

PowerPlay Defense
   Defense                  Defense                                           Time % Phy DF OF 
 1 Rasmus Ristolainen       Jeff Schultz                                      60     0   1  4  
 2 Justin Schultz           Joni Pitkanen                                     40     0   1  4  

Penalty Kill 4 Players Forward 
   Center                   Wing                     Time % Phy DF OF 
 1 Gilbert Brule            Gabriel Landeskog        60     1   3  1  
 2 Sam Gagner               Simon Gagné              40     1   3  1  

Penalty Kill 4 Players Defense
   Defense                  Defense                  Time % Phy DF OF 
 1 Jeff Schultz             Justin Schultz           60     1   3  1  
 2 Joni Pitkanen            Andy Rogers              40     1   3  1  

Penalty Kill - 3 Players Forward 
   Forward                                           Time % Phy DF OF 
 1 Gabriel Landeskog                                 60     1   3  1  
 2 Gilbert Brule                                     40     1   3  1  

Penalty Kill - 3 Players Defense
   Defense                  Defense                  Time % Phy DF OF 
 1 Jeff Schultz             Justin Schultz           60     1   3  1  
 2 Joni Pitkanen            Andy Rogers              40     1   3  1  

4 vs 4 Forward 
   Center                   Wing                     Time % Phy DF OF 
 1 Gilbert Brule            Tyler Toffoli            60     0   2  3  
 2 Mika Zibanejad           Gabriel Landeskog        40     0   2  3  

4 vs 4 Defense
   Defense                  Defense                  Time % Phy DF OF 
 1 Rasmus Ristolainen       Jeff Schultz             60     0   2  3  
 2 Justin Schultz           Joni Pitkanen            40     0   2  3  

Last Minutes Offensive
   Center                   Left Wing                Right Wing               Defense                  Defense                  
   Mika Zibanejad           Gabriel Landeskog        Tyler Toffoli            Rasmus Ristolainen       Jeff Schultz             

Last Minutes Defensive
   Center                   Left Wing                Right Wing               Defense                  Defense                  
   Gilbert Brule            Gabriel Landeskog        Jesper Fast              Justin Schultz           Joni Pitkanen            

Goaltenders
Starting : Jaroslav Halak           
Backup : Jhonas Enroth            

Extra Forwards
Normal : Mika Zibanejad, Gabriel Landeskog, Jesper Fast - PP : Mika Zibanejad, Simon Gagné - PK : Gabriel Landeskog
Extra Defensemen
Normal : Rasmus Ristolainen, Theo Peckham, Justin Schultz - PP : Rasmus Ristolainen - PK : Theo Peckham, Justin Schultz
Penalty Shots
Tyler Toffoli, Gabriel Landeskog, Mika Zibanejad, Gilbert Brule, Simon Gagné

Scratches
Rickard Rakell (Bruised Left Leg Injury), Michael Raffl (Suspend)

Senateurs

5 vs 5 Forward 
   Center                   Left Wing                Right Wing               Time % Phy DF OF 
 1 Sidney Crosby            Jamie Benn               Phil Kessel              40     1   2  2  
 2 Evgeni Malkin            Daniel Sedin             Colby Armstrong          30     1   2  2  
 3 Daniel Briere            Sergei Kostitsyn         Radim Vrbata             20     1   2  2  
 4 Stephane Da Costa        Ryan Hollweg             Sidney Crosby            10     1   2  2  

5 vs 5 Defense 
   Defense                  Defense                                           Time % Phy DF OF 
 1 Dion Phaneuf             Cody Franson                                      40     1   2  2  
 2 Duncan Keith             Nate Prosser                                      30     1   2  2  
 3 Mark Giordano            Carlo Colaiacovo                                  20     1   2  2  
 4 Arturs Kulda             Dion Phaneuf                                      10     1   2  2  

PowerPlay Forward 
   Center                   Left Wing                Right Wing               Time % Phy DF OF 
 1 Sidney Crosby            Jamie Benn               Phil Kessel              60     1   2  2  
 2 Evgeni Malkin            Daniel Sedin             Colby Armstrong          40     1   2  2  

PowerPlay Defense
   Defense                  Defense                                           Time % Phy DF OF 
 1 Dion Phaneuf             Cody Franson                                      60     1   2  2  
 2 Duncan Keith             Nate Prosser                                      40     1   2  2  

Penalty Kill 4 Players Forward 
   Center                   Wing                     Time % Phy DF OF 
 1 Sidney Crosby            Evgeni Malkin            60     1   2  2  
 2 Phil Kessel              Daniel Briere            40     1   2  2  

Penalty Kill 4 Players Defense
   Defense                  Defense                  Time % Phy DF OF 
 1 Dion Phaneuf             Cody Franson             60     1   2  2  
 2 Duncan Keith             Nate Prosser             40     1   2  2  

Penalty Kill - 3 Players Forward 
   Forward                                           Time % Phy DF OF 
 1 Sidney Crosby                                     60     1   2  2  
 2 Evgeni Malkin                                     40     1   2  2  

Penalty Kill - 3 Players Defense
   Defense                  Defense                  Time % Phy DF OF 
 1 Dion Phaneuf             Cody Franson             60     1   2  2  
 2 Duncan Keith             Nate Prosser             40     1   2  2  

4 vs 4 Forward 
   Center                   Wing                     Time % Phy DF OF 
 1 Sidney Crosby            Evgeni Malkin            60     1   2  2  
 2 Phil Kessel              Daniel Briere            40     1   2  2  

4 vs 4 Defense
   Defense                  Defense                  Time % Phy DF OF 
 1 Dion Phaneuf             Cody Franson             60     1   2  2  
 2 Duncan Keith             Nate Prosser             40     1   2  2  

Last Minutes Offensive
   Center                   Left Wing                Right Wing               Defense                  Defense                  
   Sidney Crosby            Jamie Benn               Phil Kessel              Dion Phaneuf             Cody Franson             

Last Minutes Defensive
   Center                   Left Wing                Right Wing               Defense                  Defense                  
   Sidney Crosby            Jamie Benn               Phil Kessel              Dion Phaneuf             Cody Franson             

Goaltenders
Starting : Ondrej Pavelec           
Backup : Roberto Luongo           

Extra Forwards
Normal : Sergei Kostitsyn, Radim Vrbata, Ryan Hollweg - PP : Sergei Kostitsyn, Radim Vrbata - PK : Ryan Hollweg
Extra Defensemen
Normal : Mark Giordano, Carlo Colaiacovo, Arturs Kulda - PP : Mark Giordano - PK : Carlo Colaiacovo, Arturs Kulda
Penalty Shots
Sidney Crosby, Evgeni Malkin, Phil Kessel, Daniel Briere, Jamie Benn

Scratches
Chris Kunitz (Healthy), Michel Ouellet (Healthy)

% Time on Ice - Lightning

Lines # - Real PCT - Wanted PCT - Time Play
Normal Forward
1 - 33% - 40% - 15:17
2 - 34% - 40% - 16:03
3 - 18% - 15% - 8:31
4 - 15% - 5% - 7:10
Normal Defense
1 - 40% - 40% - 18:52
2 - 37% - 40% - 17:20
3 - 22% - 10% - 10:24
4 - 1% - 10% - 0:25
PP Forward
1 - 62% - 60% - 4:23
2 - 38% - 40% - 2:42
PP Defense
1 - 64% - 60% - 4:30
2 - 36% - 40% - 2:35
PK Forward
1 - 74% - 60% - 4:22
2 - 26% - 40% - 1:32
PK Defense
1 - 66% - 60% - 3:52
2 - 34% - 40% - 2:02
PK3 Forward
1 - 0% - 60%
2 - 0% - 40%
PK3 Defense
1 - 0% - 60%
2 - 0% - 40%
44 Forward
1 - 90% - 60% - 3:04
2 - 10% - 40% - 0:20
44 Defense
1 - 51% - 60% - 1:45
2 - 49% - 40% - 1:39
Last Minute Offensive  - 0:00
Last Minute Defensive  - 0:00
Total
Forward - 63:24
Defense - 63:24

% Time on Ice - Senateurs

Lines # - Real PCT - Wanted PCT - Time Play
Normal Forward
1 - 33% - 40% - 15:22
2 - 34% - 30% - 15:57
3 - 24% - 20% - 11:11
4 - 10% - 10% - 4:31
Normal Defense
1 - 36% - 40% - 17:06
2 - 34% - 30% - 16:01
3 - 25% - 20% - 11:41
4 - 5% - 10% - 2:13
PP Forward
1 - 58% - 60% - 3:27
2 - 42% - 40% - 2:27
PP Defense
1 - 49% - 60% - 2:54
2 - 51% - 40% - 3:00
PK Forward
1 - 67% - 60% - 4:44
2 - 33% - 40% - 2:21
PK Defense
1 - 60% - 60% - 4:15
2 - 40% - 40% - 2:50
PK3 Forward
1 - 89% - 60% - 1:46
2 - 11% - 40% - 0:13
PK3 Defense
1 - 45% - 60% - 0:53
2 - 55% - 40% - 1:06
44 Forward
1 - 87% - 60% - 1:14
2 - 13% - 40% - 0:11
44 Defense
1 - 79% - 60% - 1:07
2 - 21% - 40% - 0:18
Last Minute Offensive  - 0:00
Last Minute Defensive  - 0:00
Total
Forward - 63:24
Defense - 63:24

Play-by-Play

1st period


0:01 of 1st period - Gilbert Brule wins face-off versus Sidney Crosby in neutral zone.
0:56 of 1st period - Snap shot by Brad Boyes.
0:56 of 1st period - Stopped by Ondrej Pavelec with a rebound.
1:29 of 1st period - Wrist shot by Evgeni Malkin.
1:29 of 1st period - Stopped by Jaroslav Halak without a rebound.
1:30 of 1st period - Evgeni Malkin wins face-off versus Gilbert Brule in Lightning zone.
1:49 of 1st period - Evgeni Malkin is hit by Justin Schultz.
2:22 of 1st period - Carlo Colaiacovo is hit by Joni Pitkanen and loses puck.
2:33 of 1st period - Snap shot by Tyler Toffoli.
2:33 of 1st period - Stopped by Ondrej Pavelec with a rebound.
2:41 of 1st period - Wrist shot by Gilbert Brule.
2:41 of 1st period - Stopped by Ondrej Pavelec with a rebound.
3:19 of 1st period - Wrist shot by Tyler Toffoli.
3:19 of 1st period - Shot Blocked by Mark Giordano.
4:08 of 1st period - Off-side.
4:09 of 1st period - Sidney Crosby wins face-off versus Mika Zibanejad in neutral zone.
4:14 of 1st period - Snap shot by Jamie Benn.
4:14 of 1st period - Stopped by Jaroslav Halak without a rebound.
4:15 of 1st period - Simon Gagné wins face-off versus Sidney Crosby in Lightning zone.
4:44 of 1st period - Snap shot by Sam Gagner.
4:44 of 1st period - Stopped by Ondrej Pavelec without a rebound.
4:45 of 1st period - Daniel Briere wins face-off versus Mika Zibanejad in Senateurs zone.
4:49 of 1st period - Off-side.
4:50 of 1st period - Sidney Crosby wins face-off versus Mika Zibanejad in neutral zone.
5:35 of 1st period - Wrist shot by Dion Phaneuf.
5:35 of 1st period - Deflect By Stephane Da Costa.
5:35 of 1st period - Stopped by Jaroslav Halak with a rebound.
5:37 of 1st period - Slapshot by Dion Phaneuf.
5:37 of 1st period - Shot Blocked by Jeff Schultz.
5:39 of 1st period - Slapshot by Dion Phaneuf.
5:39 of 1st period - Stopped by Jaroslav Halak without a rebound.
5:40 of 1st period - Stephane Da Costa wins face-off versus Mika Zibanejad in Lightning zone.
6:12 of 1st period - Slapshot by Sam Gagner.
6:12 of 1st period - Stopped by Ondrej Pavelec without a rebound.
6:13 of 1st period - Sidney Crosby wins face-off versus Mika Zibanejad in Senateurs zone.
6:15 of 1st period - Minor Penalty to Cody Franson for Tripping.
6:16 of 1st period - Sidney Crosby wins face-off versus Gilbert Brule in Senateurs zone.
7:25 of 1st period - Mika Zibanejad is hit by Ryan Hollweg and loses puck.
7:32 of 1st period - Slapshot by Duncan Keith.
7:32 of 1st period - Stopped by Jaroslav Halak with a rebound.
7:34 of 1st period - Slapshot by Duncan Keith.
7:34 of 1st period - Deflect By Jamie Benn.
7:34 of 1st period - Shot Misses the Net.
7:34 of 1st period - Puck is out of play.
7:35 of 1st period - Gilbert Brule wins face-off versus Sidney Crosby in Lightning zone.
8:12 of 1st period - Duncan Keith is hit by Justin Schultz and loses puck.
8:15 of 1st period - Penalty to Cody Franson is over, Cody Franson is back on ice.
8:27 of 1st period - Wrist shot by Mikael Backlund.
8:27 of 1st period - Shot Misses the Net.
8:29 of 1st period - Wrist shot by Corey Tropp.
8:29 of 1st period - Shot Misses the Net.
8:31 of 1st period - Slapshot by Pierre-Luc Létourneau.
8:31 of 1st period - Stopped by Ondrej Pavelec with a rebound.
8:33 of 1st period - Slapshot by Andy Rogers.
8:33 of 1st period - Shot Misses the Net.
10:36 of 1st period - Nate Prosser is hit by Tyler Toffoli.
10:56 of 1st period - Duncan Keith is hit by Mika Zibanejad and loses puck.
11:16 of 1st period - Carlo Colaiacovo is hit by Theo Peckham and loses puck.
11:31 of 1st period - Snap shot by Gilbert Brule.
11:31 of 1st period - Stopped by Ondrej Pavelec with a rebound.
11:33 of 1st period - Wrist shot by Tyler Toffoli.
11:33 of 1st period - Stopped by Ondrej Pavelec with a rebound.
11:35 of 1st period - Wrist shot by Gilbert Brule.
11:35 of 1st period - Stopped by Ondrej Pavelec without a rebound.
11:36 of 1st period - Mika Zibanejad wins face-off versus Evgeni Malkin in Senateurs zone.
11:49 of 1st period - Slapshot by Mika Zibanejad.
11:49 of 1st period - Goal by Mika Zibanejad - Lightning : 1 - Senateurs : 0.
11:50 of 1st period - Sidney Crosby wins face-off versus Mika Zibanejad in neutral zone.
11:52 of 1st period - Minor Penalty to Dion Phaneuf for Holding Stick.
11:53 of 1st period - Evgeni Malkin wins face-off versus Gilbert Brule in Senateurs zone.
12:25 of 1st period - Slapshot by Phil Kessel.
12:25 of 1st period - Shot Blocked by Jeff Schultz.
13:11 of 1st period - Rasmus Ristolainen is hit by Duncan Keith.
13:44 of 1st period - Jesper Fast is hit by Daniel Briere and loses puck.
13:52 of 1st period - Penalty to Dion Phaneuf is over, Dion Phaneuf is back on ice.
14:31 of 1st period - Joni Pitkanen is hit by Colby Armstrong and loses puck.
14:44 of 1st period - Joni Pitkanen is hit by Duncan Keith.
14:48 of 1st period - Sidney Crosby is hit by Jesper Fast and loses puck.
15:38 of 1st period - Theo Peckham is hit by Daniel Sedin and loses puck.
16:01 of 1st period - Sidney Crosby is hit by Corey Tropp and loses puck.
16:44 of 1st period - Dion Phaneuf is hit by Gilbert Brule and loses puck.
17:03 of 1st period - Radim Vrbata is hit by Justin Schultz and loses puck.
17:28 of 1st period - Rasmus Ristolainen is hit by Colby Armstrong and loses puck.
17:45 of 1st period - Duncan Keith is hit by Mika Zibanejad and loses puck.
17:58 of 1st period - Nate Prosser is hit by Tyler Toffoli and loses puck.
19:17 of 1st period - Carlo Colaiacovo is hit by Sam Gagner and loses puck.
19:55 of 1st period - Slapshot by Daniel Briere.
19:55 of 1st period - Shot Hit the Post.
19:57 of 1st period - Wrist shot by Sergei Kostitsyn.
19:57 of 1st period - Stopped by Jaroslav Halak without a rebound.
19:58 of 1st period - Evgeni Malkin wins face-off versus Mika Zibanejad in Lightning zone.
Goals for this period are 1 for Lightning vs 0 for Senateurs.
Shots for this period are 10 for Lightning vs 6 for Senateurs.

2nd period


0:01 of 2nd period - Mika Zibanejad wins face-off versus Sidney Crosby in neutral zone.
0:47 of 2nd period - Wrist shot by Justin Schultz.
0:47 of 2nd period - Shot Misses the Net.
0:49 of 2nd period - Slapshot by Joni Pitkanen.
0:49 of 2nd period - Stopped by Ondrej Pavelec without a rebound.
0:50 of 2nd period - Mikael Backlund wins face-off versus Sidney Crosby in Senateurs zone.
2:24 of 2nd period - Off-side.
2:25 of 2nd period - Evgeni Malkin wins face-off versus Mikael Backlund in neutral zone.
2:50 of 2nd period - Sidney Crosby is hit by Simon Gagné and loses puck.
4:17 of 2nd period - Slapshot by Duncan Keith.
4:17 of 2nd period - Stopped by Jaroslav Halak without a rebound.
4:18 of 2nd period - Gilbert Brule wins face-off versus Evgeni Malkin in Lightning zone.
4:23 of 2nd period - Backhand shot by Joni Pitkanen.
4:23 of 2nd period - Stopped by Ondrej Pavelec without a rebound.
4:24 of 2nd period - Sidney Crosby wins face-off versus Mika Zibanejad in Senateurs zone.
4:31 of 2nd period - Snap shot by Sidney Crosby.
4:31 of 2nd period - Stopped by Jaroslav Halak without a rebound.
4:32 of 2nd period - Mika Zibanejad wins face-off versus Sidney Crosby in Lightning zone.
5:36 of 2nd period - Daniel Briere is hit by Joni Pitkanen.
5:50 of 2nd period - Mikael Backlund is hit by Daniel Briere and loses puck.
6:40 of 2nd period - Snap shot by Jesper Fast.
6:40 of 2nd period - Stopped by Ondrej Pavelec without a rebound.
6:41 of 2nd period - Gilbert Brule wins face-off versus Evgeni Malkin in Senateurs zone.
6:41 of 2nd period - Gilbert Brule is hit by Mark Giordano.
6:45 of 2nd period - Wrist shot by Gilbert Brule.
6:45 of 2nd period - Stopped by Ondrej Pavelec with a rebound.
6:47 of 2nd period - Wrist shot by Gabriel Landeskog.
6:47 of 2nd period - Shot Misses the Net.
6:49 of 2nd period - Slapshot by Jeff Schultz.
6:49 of 2nd period - Stopped by Ondrej Pavelec without a rebound.
6:50 of 2nd period - Evgeni Malkin wins face-off versus Gilbert Brule in Senateurs zone.
7:19 of 2nd period - Slapshot by Rasmus Ristolainen.
7:19 of 2nd period - Deflect By Evgeni Malkin.
7:19 of 2nd period - Stopped by Ondrej Pavelec with a rebound.
7:21 of 2nd period - Slapshot by Gabriel Landeskog.
7:21 of 2nd period - Deflect By Gilbert Brule.
7:21 of 2nd period - Shot Blocked by Carlo Colaiacovo.
7:21 of 2nd period - Puck is out of play.
7:22 of 2nd period - Sidney Crosby wins face-off versus Mika Zibanejad in Senateurs zone.
7:22 of 2nd period - Sidney Crosby is hit by Jesper Fast.
7:25 of 2nd period - Minor Penalty to Cody Franson for Holding.
7:26 of 2nd period - Gilbert Brule wins face-off versus Sidney Crosby in Senateurs zone.
7:42 of 2nd period - Snap shot by Gilbert Brule.
7:42 of 2nd period - Shot Hit the Post.
8:09 of 2nd period - Slapshot by Rasmus Ristolainen.
8:09 of 2nd period - Stopped by Ondrej Pavelec with a rebound.
8:33 of 2nd period - Slapshot by Gilbert Brule.
8:33 of 2nd period - Goal by Gilbert Brule - Lightning : 2 - Senateurs : 0.
8:34 of 2nd period - Mika Zibanejad wins face-off versus Sidney Crosby in neutral zone.
9:25 of 2nd period - Snap shot by Evgeni Malkin.
9:25 of 2nd period - Shot Misses the Net.
9:28 of 2nd period - Icing by Jeff Schultz.
9:29 of 2nd period - Mikael Backlund wins face-off versus Sidney Crosby in Lightning zone.
10:00 of 2nd period - Wrist shot by Jesper Fast.
10:00 of 2nd period - Stopped by Ondrej Pavelec with a rebound.
10:02 of 2nd period - Slapshot by Jeff Schultz.
10:02 of 2nd period - Stopped by Ondrej Pavelec without a rebound.
10:03 of 2nd period - Mika Zibanejad wins face-off versus Sidney Crosby in Senateurs zone.
10:04 of 2nd period - Snap shot by Jesper Fast.
10:04 of 2nd period - Stopped by Ondrej Pavelec with a rebound.
10:26 of 2nd period - Snap shot by Jesper Fast.
10:26 of 2nd period - Shot Misses the Net.
10:28 of 2nd period - Slapshot by Andy Rogers.
10:28 of 2nd period - Stopped by Ondrej Pavelec with a rebound.
10:30 of 2nd period - Wrist shot by Simon Gagné.
10:30 of 2nd period - Deflect By Jesper Fast.
10:30 of 2nd period - Stopped by Ondrej Pavelec without a rebound.
10:31 of 2nd period - Gilbert Brule wins face-off versus Sidney Crosby in Senateurs zone.
10:40 of 2nd period - Wrist shot by Sidney Crosby.
10:40 of 2nd period - Stopped by Jaroslav Halak with a rebound.
10:42 of 2nd period - Backhand shot by Duncan Keith.
10:42 of 2nd period - Shot Blocked by Andy Rogers.
11:20 of 2nd period - Slapshot by Rasmus Ristolainen.
11:20 of 2nd period - Stopped by Ondrej Pavelec with a rebound.
11:22 of 2nd period - Snap shot by Gabriel Landeskog.
11:22 of 2nd period - Shot Misses the Net.
11:38 of 2nd period - Snap shot by Tyler Toffoli.
11:38 of 2nd period - Shot Misses the Net.
11:40 of 2nd period - Backhand shot by Tyler Toffoli.
11:40 of 2nd period - Deflect By Gilbert Brule.
11:40 of 2nd period - Stopped by Ondrej Pavelec with a rebound.
11:56 of 2nd period - Slapshot by Duncan Keith.
11:56 of 2nd period - Deflect By Andy Rogers.
11:56 of 2nd period - Stopped by Jaroslav Halak without a rebound.
11:57 of 2nd period - Sidney Crosby wins face-off versus Mika Zibanejad in Lightning zone.
12:20 of 2nd period - Phil Kessel is hit by Dwight King and loses puck.
12:27 of 2nd period - Snap shot by Brad Boyes.
12:27 of 2nd period - Shot Blocked by Dion Phaneuf.
12:36 of 2nd period - Icing by Cody Franson.
12:37 of 2nd period - Sidney Crosby wins face-off versus Mikael Backlund in Senateurs zone.
13:10 of 2nd period - Snap shot by Daniel Briere.
13:10 of 2nd period - Shot Misses the Net.
13:12 of 2nd period - Slapshot by Dion Phaneuf.
13:12 of 2nd period - Stopped by Jaroslav Halak without a rebound.
13:13 of 2nd period - Sidney Crosby wins face-off versus Mika Zibanejad in Lightning zone.
13:16 of 2nd period - Snap shot by Sidney Crosby.
13:16 of 2nd period - Deflect By Phil Kessel.
13:16 of 2nd period - Stopped by Jaroslav Halak with a rebound.
14:02 of 2nd period - Wrist shot by Daniel Briere.
14:02 of 2nd period - Shot Misses the Net.
14:56 of 2nd period - Snap shot by Brad Boyes.
14:56 of 2nd period - Stopped by Ondrej Pavelec without a rebound.
14:57 of 2nd period - Sidney Crosby wins face-off versus Sam Gagner in Senateurs zone.
16:03 of 2nd period - Wrist shot by Gabriel Landeskog.
16:03 of 2nd period - Stopped by Ondrej Pavelec with a rebound.
16:47 of 2nd period - Minor Penalty to Theo Peckham for Hooking.
16:48 of 2nd period - Gilbert Brule wins face-off versus Jamie Benn in Lightning zone.
17:05 of 2nd period - Backhand shot by Sidney Crosby.
17:05 of 2nd period - Shot Blocked by Jeff Schultz.
17:25 of 2nd period - Slapshot by Cody Franson.
17:25 of 2nd period - Shot Misses the Net.
18:43 of 2nd period - Snap shot by Phil Kessel.
18:43 of 2nd period - Goal by Phil Kessel - Lightning : 2 - Senateurs : 1.
18:44 of 2nd period - Evgeni Malkin wins face-off versus Mika Zibanejad in neutral zone.
18:47 of 2nd period - Slapshot by Dion Phaneuf.
18:47 of 2nd period - Stopped by Jaroslav Halak with a rebound.
18:49 of 2nd period - Slapshot by Daniel Sedin.
18:49 of 2nd period - Senateurs goal is going for a video replay.
18:49 of 2nd period - The goal is refused. The puck has been directed, batted or thrown into the net by an attacking player other than with a stick..
18:50 of 2nd period - Evgeni Malkin wins face-off versus Jesper Fast in Lightning zone.
19:12 of 2nd period - Slapshot by Evgeni Malkin.
19:12 of 2nd period - Stopped by Jaroslav Halak without a rebound.
19:13 of 2nd period - Gilbert Brule wins face-off versus Sidney Crosby in Lightning zone.
Goals for this period are 1 for Lightning vs 1 for Senateurs.
Shots for this period are 17 for Lightning vs 10 for Senateurs.

3rd period


0:01 of 3rd period - Sidney Crosby wins face-off versus Mika Zibanejad in neutral zone.
0:04 of 3rd period - Slapshot by Cody Franson.
0:04 of 3rd period - Stopped by Jaroslav Halak with a rebound.
0:47 of 3rd period - Slapshot by Duncan Keith.
0:47 of 3rd period - Shot Blocked by Rasmus Ristolainen.
0:49 of 3rd period - Slapshot by Nate Prosser.
0:49 of 3rd period - Shot Misses the Net.
0:51 of 3rd period - Snap shot by Daniel Briere.
0:51 of 3rd period - Goal by Daniel Briere - Lightning : 2 - Senateurs : 2.
0:52 of 3rd period - Sidney Crosby wins face-off versus Mika Zibanejad in neutral zone.
1:03 of 3rd period - Slapshot by Sidney Crosby.
1:03 of 3rd period - Shot Misses the Net.
1:05 of 3rd period - Wrist shot by Sidney Crosby.
1:05 of 3rd period - Shot Blocked by Mika Zibanejad.
1:07 of 3rd period - Slapshot by Dion Phaneuf.
1:07 of 3rd period - Stopped by Jaroslav Halak with a rebound.
1:33 of 3rd period - Snap shot by Evgeni Malkin.
1:33 of 3rd period - Shot Blocked by Jeff Schultz.
1:39 of 3rd period - Minor Penalty to Jeff Schultz for Holding.
1:40 of 3rd period - Sidney Crosby wins face-off versus Gilbert Brule in Lightning zone.
3:27 of 3rd period - Nate Prosser is hit by Dwight King and loses puck.
3:39 of 3rd period - Penalty to Jeff Schultz is over, Jeff Schultz is back on ice.
4:10 of 3rd period - Slapshot by Simon Gagné.
4:10 of 3rd period - Shot Blocked by Carlo Colaiacovo.
4:35 of 3rd period - Minor Penalty to Daniel Briere for Hooking.
4:36 of 3rd period - Gilbert Brule wins face-off versus Sidney Crosby in Senateurs zone.
4:36 of 3rd period - Slapshot by Tyler Toffoli.
4:36 of 3rd period - Shot Misses the Net.
4:38 of 3rd period - Snap shot by Tyler Toffoli.
4:38 of 3rd period - Deflect By Gilbert Brule.
4:38 of 3rd period - Stopped by Ondrej Pavelec without a rebound.
4:39 of 3rd period - Sidney Crosby wins face-off versus Gilbert Brule in Senateurs zone.
6:08 of 3rd period - Sam Gagner is hit by Ryan Hollweg and loses puck.
6:28 of 3rd period - Icing by Joni Pitkanen.
6:29 of 3rd period - Gabriel Landeskog wins face-off versus Stephane Da Costa in Lightning zone.
6:35 of 3rd period - Penalty to Daniel Briere is over, Daniel Briere is back on ice.
6:40 of 3rd period - Wrist shot by Daniel Briere.
6:40 of 3rd period - Shot Blocked by Mikael Backlund.
6:42 of 3rd period - Snap shot by Carlo Colaiacovo.
6:42 of 3rd period - Stopped by Jaroslav Halak without a rebound.
6:43 of 3rd period - Daniel Briere wins face-off versus Mikael Backlund in Lightning zone.
7:16 of 3rd period - Snap shot by Sidney Crosby.
7:16 of 3rd period - Shot Blocked by Rasmus Ristolainen.
7:18 of 3rd period - Wrist shot by Sidney Crosby.
7:18 of 3rd period - Shot Misses the Net.
7:28 of 3rd period - Evgeni Malkin is hit by Gilbert Brule and loses puck.
7:55 of 3rd period - Wrist shot by Sidney Crosby.
7:55 of 3rd period - Stopped by Jaroslav Halak with a rebound.
8:00 of 3rd period - Off-side.
8:01 of 3rd period - Mika Zibanejad wins face-off versus Sidney Crosby in neutral zone.
8:04 of 3rd period - Slapshot by Justin Schultz.
8:04 of 3rd period - Deflect By Mika Zibanejad.
8:04 of 3rd period - Shot Misses the Net.
8:04 of 3rd period - Puck is out of play.
8:05 of 3rd period - Sidney Crosby wins face-off versus Mika Zibanejad in Senateurs zone.
8:51 of 3rd period - Icing by Nate Prosser.
8:52 of 3rd period - Sam Gagner wins face-off versus Sergei Kostitsyn in Senateurs zone.
8:54 of 3rd period - Minor Penalty to Dwight King for Interference.
8:55 of 3rd period - Sidney Crosby wins face-off versus Gilbert Brule in Lightning zone.
10:08 of 3rd period - Daniel Sedin is hit by Justin Schultz and loses puck.
10:54 of 3rd period - Penalty to Dwight King is over, Dwight King is back on ice.
11:01 of 3rd period - Sam Gagner is hit by Carlo Colaiacovo and loses puck.
11:08 of 3rd period - Snap shot by Radim Vrbata.
11:08 of 3rd period - Deflect By Ryan Hollweg.
11:08 of 3rd period - Stopped by Jaroslav Halak with a rebound.
11:20 of 3rd period - Slapshot by Sam Gagner.
11:20 of 3rd period - Stopped by Ondrej Pavelec with a rebound.
11:22 of 3rd period - Slapshot by Joni Pitkanen.
11:22 of 3rd period - Shot Blocked by Carlo Colaiacovo.
11:24 of 3rd period - Slapshot by Rasmus Ristolainen.
11:24 of 3rd period - Stopped by Ondrej Pavelec with a rebound.
11:26 of 3rd period - Slapshot by Sam Gagner.
11:26 of 3rd period - Stopped by Ondrej Pavelec with a rebound.
11:28 of 3rd period - Snap shot by Sam Gagner.
11:28 of 3rd period - Stopped by Ondrej Pavelec with a rebound.
11:30 of 3rd period - Slapshot by Rasmus Ristolainen.
11:30 of 3rd period - Deflect By Dwight King.
11:30 of 3rd period - Stopped by Ondrej Pavelec with a rebound.
11:36 of 3rd period - Snap shot by Sam Gagner.
11:36 of 3rd period - Stopped by Ondrej Pavelec with a rebound.
11:38 of 3rd period - Wrist shot by Simon Gagné.
11:38 of 3rd period - Stopped by Ondrej Pavelec without a rebound.
11:39 of 3rd period - Gilbert Brule wins face-off versus Sidney Crosby in Senateurs zone.
11:50 of 3rd period - Snap shot by Gilbert Brule.
11:50 of 3rd period - Shot Blocked by Phil Kessel.
11:52 of 3rd period - Snap shot by Gilbert Brule.
11:52 of 3rd period - Shot Blocked by Duncan Keith.
12:11 of 3rd period - Off-side.
12:12 of 3rd period - Gilbert Brule wins face-off versus Stephane Da Costa in neutral zone.
12:23 of 3rd period - Snap shot by Sidney Crosby.
12:23 of 3rd period - Stopped by Jaroslav Halak without a rebound.
12:24 of 3rd period - Mika Zibanejad wins face-off versus Sidney Crosby in Lightning zone.
12:26 of 3rd period - Icing by Joni Pitkanen.
12:27 of 3rd period - Sidney Crosby wins face-off versus Mika Zibanejad in Lightning zone.
12:28 of 3rd period - Slapshot by Phil Kessel.
12:28 of 3rd period - Stopped by Jaroslav Halak without a rebound.
12:29 of 3rd period - Sidney Crosby wins face-off versus Mika Zibanejad in Lightning zone.
13:10 of 3rd period - Gabriel Landeskog is hit by Cody Franson and loses puck.
13:43 of 3rd period - Off-side.
13:44 of 3rd period - Mika Zibanejad wins face-off versus Sidney Crosby in neutral zone.
13:59 of 3rd period - Slapshot by Phil Kessel.
13:59 of 3rd period - Stopped by Jaroslav Halak without a rebound.
14:00 of 3rd period - Evgeni Malkin wins face-off versus Gilbert Brule in Lightning zone.
14:45 of 3rd period - Sergei Kostitsyn is hit by Dwight King and loses puck.
15:08 of 3rd period - Wrist shot by Evgeni Malkin.
15:08 of 3rd period - Shot Blocked by Pierre-Luc Létourneau.
15:46 of 3rd period - Snap shot by Jesper Fast.
15:46 of 3rd period - Stopped by Ondrej Pavelec with a rebound.
15:48 of 3rd period - Wrist shot by Simon Gagné.
15:48 of 3rd period - Shot Blocked by Nate Prosser.
16:18 of 3rd period - Sidney Crosby is hit by Jeff Schultz and loses puck.
16:53 of 3rd period - Off-side.
16:54 of 3rd period - Sidney Crosby wins face-off versus Gilbert Brule in neutral zone.
17:29 of 3rd period - Snap shot by Daniel Briere.
17:29 of 3rd period - Shot Blocked by Andy Rogers.
18:07 of 3rd period - Daniel Sedin is hit by Simon Gagné and loses puck.
18:48 of 3rd period - Daniel Sedin is hit by Sam Gagner and loses puck.
19:01 of 3rd period - Wrist shot by Daniel Briere.
19:01 of 3rd period - Stopped by Jaroslav Halak without a rebound.
19:02 of 3rd period - Daniel Briere wins face-off versus Sam Gagner in Lightning zone.
19:39 of 3rd period - Wrist shot by Stephane Da Costa.
19:39 of 3rd period - Shot Blocked by Rasmus Ristolainen.
19:59 of 3rd period - Minor Penalty to Daniel Sedin for Boarding.
Goals for this period are 0 for Lightning vs 1 for Senateurs.
Shots for this period are 9 for Lightning vs 10 for Senateurs.

Overtime #1


0:01 of 1st overtime period - Sidney Crosby wins face-off versus Gilbert Brule in neutral zone.
1:59 of 1st overtime period - Penalty to Daniel Sedin is over, Daniel Sedin is back on ice.
2:05 of 1st overtime period - Slapshot by Dion Phaneuf.
2:05 of 1st overtime period - Shot Misses the Net.
3:19 of 1st overtime period - Gabriel Landeskog is hit by Dion Phaneuf and loses puck.
3:24 of 1st overtime period - Wrist shot by Sergei Kostitsyn.
3:24 of 1st overtime period - Goal by Sergei Kostitsyn - Lightning : 2 - Senateurs : 3.
Goals for this period are 0 for Lightning vs 1 for Senateurs.
Shots for this period are 0 for Lightning vs 1 for Senateurs.